 Dungeon Crawl Stone Soup version 0.24.0-7-gb3623d2c88 (webtiles) character file.

Game seed: 12309979208599356331, levelgen mode: deterministic

3749 Aviak the Magician (level 10, -1/73 HPs)
             Began as a Gnoll Fire Elementalist on Nov 2, 2019.
             Slain by a two-headed ogre
             ... wielding a +0 giant club
              (20 damage)
             ... on level 8 of the Dungeon.
             The game lasted 00:14:59 (9614 turns).

Aviak the Magician (Gnoll Fire Elementalist)        Turns: 9614, Time: 00:14:59

Health: -1/73      AC:  6    Str: 11    XL:     10   Next: 15%
Magic:  7/20       EV: 16    Int: 20    God:
Gold:   329        SH:  0    Dex: 16    Spells: 10/23 levels left

rFire    . . .     SeeInvis .   v - +2 battleaxe (vamp) {!w}
rCold    . . .     Gourm    .   (shield currently unavailable)
rNeg     . . .     Faith    .   o - +0 leather armour
rPois    .         Spirit   .   w - +0 helmet
rElec    .         Reflect  .   (no cloak)
rCorr    .         Harm     .   n - +0 pair of gloves
MR       .....                  (no boots)
Stlth    ++++......             (no amulet)
HPRegen  0.22/turn              A - ring of stealth
MPRegen  0.17/turn              (no ring)

@: no status effects
A: distributed training, fangs 1, strong nose
a: no special abilities


You were on level 8 of the Dungeon.
You were hungry.

You visited 2 branches of the dungeon, and saw 9 of its levels.

You collected 329 gold pieces.

Inventory:

Hand Weapons
 d - a +0 dagger
 f - a +0 short sword of electrocution
 v - a +2 vampiric battleaxe (weapon) {!w}
Armour
 a - a +0 robe
 n - a +0 pair of gloves (worn)
 o - a +0 leather armour (worn)
 s - a +0 buckler
 w - a +0 helmet (worn)
 y - +0 pearl dragon scales {rN+}
Jewellery
 z - an uncursed ring of flight {unknown}
 A - a ring of stealth (left hand)
Scrolls
 b - 3 scrolls of magic mapping
 g - a scroll of enchant armour
 i - 5 scrolls of identify
 j - a scroll of amnesia {unknown}
 k - 2 scrolls of fog
 l - a scroll of random uselessness {unknown}
 p - 2 scrolls of enchant weapon
 r - 5 scrolls of remove curse
 t - 3 scrolls of teleportation
 x - 3 scrolls of blinking
 B - a scroll of immolation {unknown}
Potions
 c - 2 potions of curing
 e - 2 potions of lignification {unknown}
 m - 3 potions of brilliance
 q - a potion of haste
 u - 2 potions of berserk rage {unknown}
Comestibles
 h - 8 rations
 C - 3 chunks of flesh


   Skills:
 + Level 4.9 Fighting
 + Level 4.9 Short Blades
 + Level 4.9 Long Blades
 + Level 4.9 Axes
 + Level 4.9 Maces & Flails
 + Level 4.9 Polearms
 + Level 4.9 Staves
 + Level 4.9 Slings
 + Level 4.9 Bows
 + Level 4.9 Crossbows
 + Level 4.9 Throwing
 + Level 4.9 Armour
 + Level 6.8 Dodging
 + Level 6.5 Stealth
 + Level 4.9 Shields
 + Level 4.9 Unarmed Combat
 + Level 7.1 Spellcasting
 + Level 4.6 Conjurations
 + Level 4.0 Hexes
 + Level 4.0 Charms
 + Level 4.0 Summonings
 + Level 4.0 Necromancy
 + Level 4.0 Translocations
 + Level 4.0 Transmutations
 + Level 6.9 Fire Magic
 + Level 4.0 Ice Magic
 + Level 4.0 Air Magic
 + Level 4.0 Earth Magic
 + Level 4.0 Poison Magic
 + Level 5.4 Invocations
 + Level 4.9 Evocations


You had 10 spell levels left.
You knew the following spells:

 Your Spells              Type           Power        Failure   Level  Hunger
a - Flame Tongue          Conj/Fire      ####.        1%          1    None
b - Throw Flame           Conj/Fire      ####..       1%          2    None
c - Sticky Flame          Conj/Fire      ####....     11%         4    ###....
d - Conjure Flame         Conj/Fire      ####....     3%          3    #......
e - Inner Flame           Hex/Fire       ####....     3%          3    #......

Your spell library contained the following spells:

 Spells                   Type           Power        Failure   Level  Hunger
 Magic Dart               Conj           ####         1%          1    None
 Shock                    Conj/Air       ###.         1%          1    None
 Blink                    Tloc           N/A          3%          2    None
 Call Imp                 Summ           ###.....     3%          2    None
 Slow                     Hex            ###.....     3%          2    None
 Swiftness                Chrm/Air       ###.....     3%          2    None
 Mephitic Cloud           Conj/Pois/Air  ###.....     6%          3    #......
 Static Discharge         Conj/Air       ###.....     6%          3    #......
 Airstrike                Air            ###.......   22%         4    ###....
 Fireball                 Conj/Fire      ####......   30%         5    #####..
 Lightning Bolt           Conj/Air       ###.......   50%         5    #####..


Dungeon Overview and Level Annotations

Branches:
Dungeon (8/15)             Temple (1/1) D:4
   Lair: D:8-11

Altars:
Elyvilon
Fedhas
Gozag
Hepliaklqana
Kikubaaqudgha
Makhleb
Nemelex Xobeh
Ru
Sif Muna
Trog
Uskayaw
Wu Jian
Xom
Zin
The Shining One


Innate Abilities, Weirdness & Mutations

Your experience applies equally to all skills.
You have very sharp teeth.
Your uncanny sense of smell can sniff out nearby items.


Message History

Things that are here:
a +0 giant club; an ogre corpse
Casting: Sticky Flame (safe; 11% risk of failure)
Confirm with . or Enter, or press ? or * to list all spells.
Aiming: Flame Tongue (safe; 1% risk of failure)
Press: ? - help, Shift-Dir - straight line, f - two-headed ogre
Aim: a two-headed ogre, wielding a +0 giant club and a +0 dire flail (severely wounded)
The flame tongue hits the two-headed ogre but does no damage.
The two-headed ogre is severely wounded.
Casting: Flame Tongue (safe; 1% risk of failure)
Confirm with . or Enter, or press ? or * to list all spells.
Aiming: Sticky Flame (safe; 11% risk of failure)
Press: ? - help, Shift-Dir - straight line, f/p - two-headed ogre
Aim: a two-headed ogre, wielding a +0 giant club and a +0 dire flail (severely wounded)
The sticky flame hits the two-headed ogre!
The two-headed ogre is almost dead.
The two-headed ogre is covered in liquid flames!
The two-headed ogre burns!
The two-headed ogre hits you with a +0 giant club!!
You die...

#..........S.
##....#....(..
#..h..........
#...(...?.....
##..†.......∆
#..#........
#.##h.......
#.##O.......
#.#.@#.....#
..#.#..#######
#........##
∆....#####..##
##.. .####..##
# ...##..#
#.###.#
#...#.#######
#..........


You could see a two-headed ogre (burning) and a black bear.

Vanquished Creatures
  2 hippogriffs (D:7)
  Menkaure (D:5)
  2 orc warriors
  A black bear (D:7)
  2 phantoms (D:6)
  A hornet zombie (D:7)
  A sky beast (D:5)
  5 ogres
  4 centaurs
  Blork the orc (D:5)
  6 bullfrogs
  A gnoll sergeant (D:6)
  3 scorpions (D:6)
  2 crimson imps
  2 hounds
  A centaur skeleton (D:8)
  A gnoll shaman (D:7)
  A jelly (D:6)
  7 orc wizards
  6 orc priests
  A bullfrog skeleton (D:6)
  2 iguanas (D:7)
  5 worker ants
  A hound zombie (D:4)
  3 hound skeletons
  21 gnolls
  8 adders
  2 shadow imps
  An ooze (D:2)
  An adder skeleton (D:5)
  A worm (D:2)
  7 leopard geckos
  22 orcs
  3 ball pythons
  6 giant cockroaches
  8 goblins
  5 hobgoblins
  2 jackals (D:1)
  7 kobolds
  5 quokkas
  A ball python skeleton (D:4)
  8 bats
  4 frilled lizards
  A giant cockroach zombie (D:6)
  A jackal skeleton (D:5)
  8 rats
184 creatures vanquished.

Vanquished Creatures (others)
  2 fungi (D:7)
2 creatures vanquished.

Grand Total: 186 creatures vanquished

Notes
Turn   | Place    | Note
-------+----------+-------------------------------------------
     0 | D:1      | Aviak the Gnoll Fire Elementalist began the quest for the
                  | Orb.
     0 | D:1      | Reached XP level 1. HP: 13/13 MP: 6/6
   195 | D:1      | Reached XP level 2. HP: 7/19 MP: 1/7
   975 | D:1      | Reached XP level 3. HP: 24/25 MP: 9/9
   982 | D:1      | Learned a level 3 spell: Conjure Flame
  1026 | D:2      | Reached skill level 5 in Spellcasting
  1035 | D:2      | Learned a level 2 spell: Throw Flame
  1108 | D:2      | Reached skill level 1 in Invocations
  1188 | D:2      | Reached skill level 1 in Fighting
  1188 | D:2      | Reached skill level 1 in Short Blades
  1188 | D:2      | Reached skill level 1 in Long Blades
  1188 | D:2      | Reached skill level 1 in Axes
  1188 | D:2      | Reached skill level 1 in Maces & Flails
  1188 | D:2      | Reached skill level 1 in Polearms
  1188 | D:2      | Reached skill level 1 in Staves
  1188 | D:2      | Reached skill level 1 in Slings
  1188 | D:2      | Reached skill level 1 in Bows
  1188 | D:2      | Reached skill level 1 in Crossbows
  1188 | D:2      | Reached skill level 1 in Throwing
  1188 | D:2      | Reached skill level 1 in Armour
  1188 | D:2      | Reached skill level 1 in Shields
  1188 | D:2      | Reached skill level 1 in Unarmed Combat
  1188 | D:2      | Reached skill level 1 in Evocations
  1188 | D:2      | Reached XP level 4. HP: 28/32 MP: 11/11
  1384 | D:2      | Reached skill level 1 in Hexes
  1384 | D:2      | Reached skill level 1 in Charms
  1384 | D:2      | Reached skill level 1 in Summonings
  1384 | D:2      | Reached skill level 1 in Necromancy
  1384 | D:2      | Reached skill level 1 in Translocations
  1384 | D:2      | Reached skill level 1 in Transmutations
  1384 | D:2      | Reached skill level 1 in Ice Magic
  1384 | D:2      | Reached skill level 1 in Air Magic
  1384 | D:2      | Reached skill level 1 in Earth Magic
  1384 | D:2      | Reached skill level 1 in Poison Magic
  1564 | D:2      | Found a burning altar of Makhleb.
  1607 | D:2      | Reached XP level 5. HP: 37/37 MP: 12/12
  2204 | D:2      | Reached XP level 6. HP: 16/44 MP: 5/13
  2404 | D:2      | Learned a level 4 spell: Sticky Flame
  2408 | D:2      | Learned a level 3 spell: Inner Flame
  2707 | D:3      | Found a glowing golden altar of the Shining One.
  3012 | D:3      | Reached skill level 5 in Dodging
  4227 | D:4      | Reached XP level 7. HP: 28/50 MP: 7/15
  4387 | D:4      | Found a staircase to the Ecumenical Temple.
  4613 | Temple   | Entered the Ecumenical Temple
  4777 | D:5      | Entered Level 5 of the Dungeon
  5239 | D:5      | Noticed Blork the orc
  5249 | D:5      | Killed Blork the orc
  5249 | D:5      | Reached skill level 5 in Stealth
  5426 | D:5      | Noticed Menkaure
  5434 | D:5      | Killed Menkaure
  5434 | D:5      | Reached XP level 8. HP: 30/57 MP: 6/16
  5820 | D:5      | Found a hazy altar of Hepliaklqana.
  6113 | D:5      | Found a white marble altar of Elyvilon.
  6696 | D:6      | Reached skill level 6 in Spellcasting
  7119 | D:6      | Reached XP level 9. HP: 60/65 MP: 11/18
  8143 | D:7      | Found a blossoming altar of Fedhas.
  8590 | D:7      | Reached skill level 5 in Invocations
  8608 | D:7      | Identified the cursed +0 robe "Anousef" {Int+2}
  8770 | D:7      | Reached XP level 10. HP: 73/73 MP: 20/20
  8792 | D:7      | Reached skill level 7 in Spellcasting
  9598 | D:8      | Noticed a two-headed ogre
  9614 | D:8      | Slain by a two-headed ogre

Levels and vault maps discovered:
D:1:      dpeg_arrival_three_bigger_balls, layout_basic, amethyst_killhole
D:2:      layout_loops_ring, makhleb_blood_cavern_becter
D:3:      layout_loops_corners, old_standard_altar, first_ration
D:4:      layout_loops_ring, minmay_temple_entry_drinking_statues
D:5:      layout_gridville, elyvilon_altar_1, lemuel_doored_altar,
          chequers_big_river, uniq_menkaure, uniq_blork_the_orc
D:6:      layout_basic
D:7:      layout_loops_cross, fedhas_altar_3
D:8:      layout_rooms, yredelemnul_forgotten_temple_becter,
          nicolae_overflow_hidden_temple
Temple:   eino_wide_crystal_templ

Skill      XL: |  1  2  3  4  5  6  7  8  9 10 |
---------------+-------------------------------+-----
Conjurations   | 2 3 4 |  4.6
Spellcasting   | 5 6 7 |  7.1
Invocations    | 1 2 3 4 5 |  5.4
Fighting       | 1 2 3 4 |  4.9
Short Blades   | 1 2 3 4 |  4.9
Long Blades    | 1 2 3 4 |  4.9
Axes           | 1 2 3 4 |  4.9
Maces & Flails | 1 2 3 4 |  4.9
Polearms       | 1 2 3 4 |  4.9
Staves         | 1 2 3 4 |  4.9
Slings         | 1 2 3 4 |  4.9
Bows           | 1 2 3 4 |  4.9
Crossbows      | 1 2 3 4 |  4.9
Throwing       | 1 2 3 4 |  4.9
Armour         | 1 2 3 4 |  4.9
Shields        | 1 2 3 4 |  4.9
Unarmed Combat | 1 2 3 4 |  4.9
Evocations     | 1 2 3 4 |  4.9
Hexes          | 1 2 3 4 |  4.0
Charms         | 1 2 3 4 |  4.0
Summonings     | 1 2 3 4 |  4.0
Necromancy     | 1 2 3 4 |  4.0
Translocations | 1 2 3 4 |  4.0
Transmutations | 1 2 3 4 |  4.0
Ice Magic      | 1 2 3 4 |  4.0
Air Magic      | 1 2 3 4 |  4.0
Earth Magic    | 1 2 3 4 |  4.0
Poison Magic   | 1 2 3 4 |  4.0
Dodging        | 5 6 |  6.8
Stealth        | 5 6 |  6.5
Fire Magic     | 6 |  6.9

Action                   |  1- 3 |  4- 6 |  7- 9 | 10-12 || total
-------------------------+-------+-------+-------+-------++-------
Melee: Short sword       |    48 |   117 |    42 |       ||   207
       Bite              |     3 |     5 |    16 |     8 ||    32
       Battleaxe         |       |       |   175 |    72 ||   247
 Cast: Flame Tongue      |    10 |    38 |    43 |     1 ||    92
       Conjure Flame     |     1 |     2 |     7 |       ||    10
       Sticky Flame      |       |     2 |    20 |     5 ||    27
       Throw Flame       |       |       |    15 |       ||    15
  Use: Scroll            |       |     7 |       |       ||     7
       Potion            |       |     2 |     1 |       ||     3
 Stab: Sleeping          |     8 |    14 |     9 |     1 ||    32
       Distracted        |       |     1 |       |       ||     1
  Eat: Chunk             |     1 |    10 |    14 |     3 ||    28
       Ration            |       |       |     1 |       ||     1
Armor: Robe              |    11 |     4 |       |       ||    15
       Leather armour    |       |    17 |    39 |    12 ||    68
Dodge: Dodged            |    35 |    89 |   225 |    97 ||   446
Block: Buckler           |       |       |     7 |       ||     7
